 Dungeon Crawl Stone Soup version 0.27-a0-1196-g3e9cee4cb2 (webtiles) character file.

Game seed: 304639296301518466

9438 robertstho the Thaumaturge (level 11, -10/73 HPs)
             Began as a Djinni Fire Elementalist on May 27, 2021.
             Was an Initiate of Gozag.
             Mangled by a white ugly thing (22 damage)
             ... on level 12 of the Dungeon.
             The game lasted 00:19:17 (18199 turns).

robertstho the Thaumaturge (DjFE)                  Turns: 18199, Time: 00:19:19

Health: -10/73     AC: 14    Str:  7    XL:     11   Next: 74%
Gold:   1062       EV: 14    Int: 20    God:    Gozag SH:  0 Dex: 14

rFire    + + .     SeeInvis .   J - +0 short sword (protect)
rCold    . . .     Faith    .   (no shield)
rNeg     . . .     Spirit   .   H - +2 robe {Archmagi}
rPois    ∞         Reflect  .   (no helmet)
rElec    .         Harm     .   V - +1 cloak
rCorr    +         Rampage  .   F - +0 pair of gloves
Will     +....                  (boots unavailable)
Stlth    +++.......             (no amulet)
HPRegen  0.22/turn              q - ring of protection from cold
MPRegen  0.00/turn              A - ring of resist corrosion

@: under a protective aura, flying
A: sickness immunity, fire resistance 2, cold vulnerability 1, float, innate
caster, hp casting, extra vitality 1
a: Renounce Religion, Potion Petition, Call Merchant, Bribe Branch


You were on level 12 of the Dungeon.
You worshipped Gozag.
Gozag was most pleased with you.
You visited 2 branches of the dungeon, and saw 13 of its levels.
You also visited: Sewer.

You collected 1589 gold pieces.
You spent 400 gold pieces at shops.
You paid 127 gold pieces to Gozag.

Inventory:

Hand Weapons
 c - a +0 dagger
 o - a +0 dagger of holy wrath
 J - a +0 short sword of protection (weapon)
 N - a +3 scimitar of flaming
Missiles
 C - a throwing net
Armour
 w - a +1 robe of willpower
 F - a +0 pair of gloves (worn)
 H - a +2 robe of the Archmagi (worn)
 R - a +2 robe of cold resistance
 V - a +1 cloak (worn)
Jewellery
 q - a ring of protection from cold (left hand)
 A - a ring of resist corrosion (right hand)
 G - a ring of positive energy
 L - a ring of ice
 O - a ring of wizardry
 T - a ring of willpower
Wands
 k - a wand of digging (5)
 y - a wand of paralysis (18)
 E - a wand of iceblast (16)
 I - a wand of acid (8)
Scrolls
 e - 4 scrolls of fog
 h - 4 scrolls of enchant weapon
 j - 3 scrolls of teleportation
 m - 2 scrolls of summoning {unknown}
 p - 2 scrolls of silence {unknown}
 s - a scroll of holy word
 z - a scroll of torment {unknown}
 D - 2 scrolls of vulnerability {unknown}
 K - a scroll of blinking
 M - a scroll of immolation {unknown}
 P - 2 scrolls of fear {unknown}
 S - a scroll of magic mapping {unknown}
Potions
 a - a potion of ambrosia {unknown}
 b - 4 potions of heal wounds
 d - 3 potions of curing
 f - 5 potions of haste
 g - a potion of flight {unknown}
 i - 3 potions of lignification {unknown}
 l - a potion of cancellation {unknown}
 r - 2 potions of attraction {unknown}
 t - 4 potions of degeneration
 u - 5 potions of might
 v - 2 potions of berserk rage
 x - a potion of resistance {unknown}
 B - a potion of invisibility
 U - a potion of brilliance {unknown}
Miscellaneous
 Q - a phantom mirror


   Skills:
 + Level 4.0 Fighting
 + Level 3.1 Short Blades
 + Level 5.8 Dodging
 + Level 5.1 Stealth
 + Level 11.7 Spellcasting


You had 2 spell levels left.
You knew the following spells:

 Your Spells              Type           Power      Damage    Failure   Level
a - Foxfire               Conj/Fire      100%       2x1d9     1%          1
b - Conjure Flame         Conj/Fire      73%        6-21      1%          3
c - Inner Flame           Hex/Fire       73%        N/A       1%          3
d - Sticky Flame          Conj/Fire      73%        2d9       1%          4
e - Fireball              Conj/Fire      36%        3d15      1%          5
f - Magic Dart            Conj           100%       1d8       1%          1
g - Slow                  Hex            73%        N/A       1%          2
h - Ozocubu's Armour      Ice            73%        N/A       1%          3
i - Airstrike             Air            36%        N/A       1%          4
j - Summon Forest         Summ/Tloc      36%        N/A       1%          5
Your spell library was empty.

Dungeon Overview and Level Annotations

Branches:
Dungeon (12/15)            Temple (1/1) D:5            Lair (0/6) D:8
    Orc (0/2) D:10          Sewer (visited)

Altars:
Ashenzari
Cheibriados
Dithmenos
Elyvilon
Fedhas
Gozag
Hepliaklqana
Kikubaaqudgha
Makhleb
Nemelex Xobeh
Okawaru
Qazlal
Ru
Sif Muna
Trog
Uskayaw
Vehumet
Wu Jian
Xom
Yredelemnul
Zin
The Shining One
Beogh

Shops:
D:4 !   D:6 !

Annotations:
D:6 2 runed translucent doors


Innate Abilities, Weirdness & Mutations

You are immune to sickness and miasma.
You are immune to poison.
Your flesh is very heat resistant. (rF++)
You are vulnerable to cold. (rC-)
You float through the air rather than walking.
You learn spells naturally, not from books.
Your magical power is your life essence.
You have superior vitality. (+4 HP)


Message History

Casting: Summon Forest (dangerous; 1% risk of failure)
Confirm with . or Enter, or press ? or * to list all spells.
Aiming: Fireball (dangerous; 1% risk of failure)
Press: ? - help, Shift-Dir - straight line, f - white ugly thing
Aim: a white ugly thing (asleep)
You feel a surge of power!
The fireball explodes!
The fireball engulfs the white ugly thing!
The white ugly thing is moderately wounded.
The white ugly thing gurgles horribly!
Casting: Fireball (dangerous; 1% risk of failure)
Confirm with . or Enter, or press ? or * to list all spells.
Aiming: Fireball (dangerous; 1% risk of failure)
Press: ? - help, Shift-Dir - straight line, f/p - white ugly thing
Aim: a white ugly thing (moderately wounded)
You feel a surge of power!
The fireball explodes!
The fireball engulfs the white ugly thing!!
The white ugly thing is severely wounded.
Unknown command.
Casting: Fireball (dangerous; 1% risk of failure)
Confirm with . or Enter, or press ? or * to list all spells.
Aiming: Sticky Flame (mildly dangerous; 1% risk of failure)
Press: ? - help, Shift-Dir - straight line, f/p - white ugly thing
Aim: a white ugly thing (severely wounded, 100% to hit)
You feel a surge of power!
The sticky flame hits the white ugly thing!
The white ugly thing is severely wounded.
The white ugly thing is covered in liquid flames!
The white ugly thing burns!
The white ugly thing pecks you! The white ugly thing freezes you!!
* * * LOW HITPOINT WARNING * * *
The white ugly thing burns!
The white ugly thing burns!
You hit the white ugly thing but do no damage.
Your weapon exudes an aura of protection.
The white ugly thing is almost dead.
The white ugly thing burns!
The white ugly thing pecks you.
* * * LOW HITPOINT WARNING * * *
The white ugly thing freezes you!!
You die...
Your body crumbles into a pile of gold.

##########
#@........
#u........
#.<.......
#.........
#.........
$
#####.####
.# . .


You could see a white ugly thing (burning).

Vanquished Creatures
  Erica (D:11)
  A two-headed ogre (D:8)
  A centaur zombie (D:10)
  A kobold demonologist (D:8)
  A troll (D:9)
  A hornet (D:9)
  2 meliai zombies (D:11)
  Sigmund (D:5)
  2 wyverns
  12 yaks
  2 vampire mosquitoes (D:10)
  2 steam dragons (D:8)
  A water moccasin (D:6)
  5 orc warriors
  A sky beast (D:8)
  2 ogres (D:5)
  A black bear (D:5)
  5 centaurs
  3 bullfrogs
  2 gnoll sergeants
  A scorpion (D:7)
  A wyvern zombie (D:8)
  13 killer bees
  A water moccasin skeleton (D:5)
  A troll skeleton (D:9)
  3 howler monkeys
  5 spriggan skeletons (D:9)
  A bullfrog zombie (D:5)
  2 jellies
  3 iguanas
  6 orc priests
  Ijyb (D:4)
  2 orc wizards (D:10)
  A killer bee zombie (D:5)
  A hound zombie (D:5)
  10 adders
  9 gnolls
  A white imp (D:7)
  An ufetubus (D:4)
  A worm (D:3)
  7 dart slugs
  38 orcs
  16 ball pythons
  16 endoplasms
  10 giant cockroaches
  6 hobgoblins
  17 jackals
  11 quokkas
  4 bats
  11 frilled lizards
  7 goblins
  4 kobolds
  6 rats
264 creatures vanquished.

Vanquished Creatures (collateral kills)
  An ugly thing (D:11)
  2 wraiths (D:11)
  2 vampire mosquitoes (D:11)
  An orc warrior (D:11)
  An orc wizard (D:11)
  2 orcs (D:11)
9 creatures vanquished.

Vanquished Creatures (others)
  A wizard (D:5)
  A meliai zombie (D:10)
  990 foxfires
  3 plants (D:5)
  A snaplasher vine (D:11)
996 creatures vanquished.

Grand Total: 1269 creatures vanquished

Notes
Turn   | Place    | Note
-------+----------+-------------------------------------------
     0 | D:1      | robertstho the Djinni Fire Elementalist began the quest for
                  | the Orb.
     0 | D:1      | Reached XP level 1. HP: 15/15 MP: 0/0
   434 | D:1      | Reached XP level 2. HP: 19/21 MP: 0/0
   823 | D:1      | Reached skill level 3 in Spellcasting
  1046 | D:1      | Reached XP level 3. HP: 23/25 MP: 0/0
  1046 | D:1      | Learned a level 1 spell: Magic Dart
  1838 | D:2      | Reached XP level 4. HP: 24/31 MP: 0/0
  2887 | D:2      | Found a faded altar of an unknown god.
  3119 | D:2      | Reached XP level 5. HP: 28/35 MP: 0/0
  3119 | D:2      | Learned a level 2 spell: Slow
  3436 | D:3      | Found a glowing drain.
  3549 | D:3      | Reached skill level 4 in Spellcasting
  3563 | Sewer    | Entered a sewer
  4621 | Sewer    | Reached XP level 6. HP: 41/41 MP: 0/0
  4720 | Sewer    | Reached skill level 5 in Spellcasting
  5408 | D:3      | Reached XP level 7. HP: 28/46 MP: 0/0
  5408 | D:3      | Learned a level 3 spell: Ozocubu's Armour
  5886 | D:3      | You are sucked into a shaft and drop 3 floors!
  5910 | D:6      | Noticed a water moccasin
  5918 | D:6      | Killed a water moccasin
  5919 | D:6      | Reached skill level 1 in Fighting
  6114 | D:6      | Found Nukhleyb's Distillery.
  6370 | D:6      | Bought a potion of heal wounds for 75 gold pieces
  6370 | D:6      | Bought a potion of curing for 45 gold pieces
  6370 | D:6      | Bought a potion of degeneration for 15 gold pieces
  6370 | D:6      | Bought a potion of might for 60 gold pieces
  6370 | D:6      | Bought a potion of berserk rage for 75 gold pieces
  6373 | D:5      | Entered Level 5 of the Dungeon
  6545 | D:5      | Reached skill level 6 in Spellcasting
  6859 | D:5      | Reached XP level 8. HP: 34/52 MP: 0/0
  7302 | D:5      | Found a blossoming altar of Fedhas.
  7302 | D:5      | Found a white marble altar of Elyvilon.
  7420 | D:5      | Noticed Sigmund
  7430 | D:5      | Killed Sigmund
  7880 | D:5      | Found a staircase to the Ecumenical Temple.
  7921 | Temple   | Entered the Ecumenical Temple
  8594 | D:5      | Reached skill level 7 in Spellcasting
  8722 | D:5      | Found a bloodstained altar of Trog.
  8724 | D:5      | Noticed a wizard
  8729 | D:5      | Killed a wizard
  8847 | D:6      | Found a runed translucent door.
  8849 | D:6      | Found a runed translucent door.
  9097 | D:6      | Reached XP level 9. HP: 46/58 MP: 0/0
  9097 | D:6      | Learned a level 4 spell: Airstrike
  9100 | D:6      | Found a stormy altar of Qazlal.
  9567 | Temple   | Became a worshipper of Gozag Ym Sagoz the Greedy
 10031 | D:7      | Reached skill level 8 in Spellcasting
 10821 | D:4      | Found Tuuv Agh's Distillery.
 10824 | D:4      | Bought a potion of heal wounds for 65 gold pieces
 10824 | D:4      | Bought a potion of heal wounds for 65 gold pieces
 11677 | D:4      | Noticed Ijyb
 11689 | D:4      | Killed Ijyb
 12190 | D:8      | Found a staircase to the Lair.
 12191 | D:8      | Noticed a two-headed ogre
 12205 | D:8      | Killed a two-headed ogre
 12206 | D:8      | Reached skill level 5 in Dodging
 12206 | D:8      | Reached skill level 9 in Spellcasting
 12206 | D:8      | Reached XP level 10. HP: 37/65 MP: 0/0
 12796 | D:8      | Noticed a kobold demonologist
 12799 | D:8      | Killed a kobold demonologist
 13598 | D:9      | Reached skill level 10 in Spellcasting
 14422 | D:9      | Reached XP level 11. HP: 60/71 MP: 0/0
 14422 | D:9      | Learned a level 5 spell: Summon Forest
 15118 | D:10     | Entered Level 10 of the Dungeon
 15152 | D:10     | Reached skill level 1 in Short Blades
 15152 | D:10     | Reached skill level 11 in Spellcasting
 15356 | D:10     | Found a staircase to the Orcish Mines.
 15813 | D:10     | Found a glowing golden altar of the Shining One.
 15993 | D:10     | Reached skill level 5 in Stealth
 16335 | D:11     | Noticed Erica
 16342 | D:11     | Killed Erica
 16651 | D:11     | Noticed a red ugly thing
 16677 | D:11     | Killed a red ugly thing
 18193 | D:12     | Noticed a white ugly thing
 18199 | D:12     | Mangled by a white ugly thing

Illustrated notes

Levels and vault maps discovered:
D:1:      wheals_arrival_shading, layout_loops_ring, minmay_misc_feat_plants,
          minmay_box_of_dots
D:2:      layout_loops_ring, hellmonk_ecumenical_altar_lost_god
D:3:      layout_basic, gup_sewer_entry_glass, kennysheep_orc_chapel,
          uniq_natasha
D:4:      layout_loops_ring, serial_shops, kennysheep_mini_moat, uniq_ijyb
D:5:      corexii_shack_village, layout_loops_cross, trog_wizard,
          gammafunk_temple_overflow_wave, minmay_temple_entry_mini_moons,
          uniq_sigmund
D:6:      lemuel_insect_pit, layout_loops_cross,
          nicolae_qazlal_scattered_showers, serial_shops, shop, nrook_uturn
D:7:      layout_basic, lemuel_round_altar, chequers_serial_rivers_micro_d
D:8:      cheibrodos_quashed, layout_basic, lair_entry_dummy, eino_curves_02
D:9:      layout_roguey, nrook_loot_triangle, hangedman_tell_no_tales
D:10:     layout_roguey, nicolae_tso_carved_into_rock, fiery_altar_vehumet,
          minmay_orc_entry_temple_small, kennysheep_nub
D:11:     layout_stronghold, uniq_erica
D:12:     layout_rooms, enter_trove_5
Temple:   regret_index_temple_generic_petals

Skill      XL: |  1  2  3  4  5  6  7  8  9 10 11 |
---------------+----------------------------------+-----
Spellcasting   | 3 4 5 6 7 9 10 11 | 11.7
Stealth        | 2 3 4 5 |  5.1
Fighting       | 1 2 3 4 |  4.0
Dodging        | 3 4 5 |  5.8
Short Blades   | 3 |  3.1

Action                   |  1- 3 |  4- 6 |  7- 9 | 10-12 || total
-------------------------+-------+-------+-------+-------++-------
Melee: Dagger            |       |       |     7 |       ||     7
       Short sword       |       |       |       |    29 ||    29
 Cast: Foxfire           |    85 |   223 |   274 |       ||   582
       Sticky Flame      |       |     1 |    13 |    18 ||    32
       Fireball          |       |       |     1 |    70 ||    71
       Summon Forest     |       |       |       |     5 ||     5
       Airstrike         |       |       |       |     1 ||     1
  Use: Scroll            |       |       |     6 |     2 ||     8
       Potion            |       |       |     2 |       ||     2
Armor: Robe              |     1 |     4 |    17 |    18 ||    40
Dodge: Dodged            |     9 |    29 |    66 |    45 ||   149

Table legend: (Time is in decaauts)
 A = Elapsed time spent in this place.
 B = Non-inter-level travel time spent in this place.
 C = Inter-level travel time spent in this place.
 D = Time resting spent in this place.
 E = Time spent auto-exploring this place.
 F = Levels seen in this place.
 G = Mean time per level.
                   A        B        C        D        E       F      G
               +--------+--------+--------+--------+--------+-----+--------+
         Total |  18201 |  17502 |    699 |    606 |  15097 |  14 | 1300.1 |
       Dungeon |  16490 |  15901 |    589 |    606 |  13762 |  12 | 1374.2 |
        Temple |    510 |    400 |    110 |      0 |    399 |   1 |  510.0 |
         Sewer |   1200 |   1200 |      0 |      0 |    936 |   1 | 1200.0 |
               +--------+--------+--------+--------+--------+-----+--------+

Top non-repeatable levels by time:
     D:5: 2107 daAuts
    D:11: 1857 daAuts
     D:1: 1824 daAuts
     D:9: 1596 daAuts
     D:2: 1544 daAuts
     D:8: 1480 daAuts
     D:3: 1314 daAuts
     D:6: 1290 daAuts
     D:4: 1227 daAuts
    D:10: 1216 daAuts
   Sewer: 1200 daAuts
     D:7: 1024 daAuts
  Temple: 510 daAuts
    D:12: 5 daAuts
